 Dungeon Crawl Stone Soup version 0.29-a0-360-g8ed1089bbe (webtiles) character file.

Game seed: 10518202688737283622

4237 spaghetti the Skirmisher (level 10, -5/84 HPs)
             Began as a Vine Stalker Berserker on Apr 28, 2022.
             Was a Priest of Trog.
             Slain by an orc warrior
             ... wielding a +0 glaive
              (12 damage)
             ... on level 8 of the Dungeon.
             The game lasted 00:14:12 (6116 turns).

spaghetti the Skirmisher (Vine Stalker Berserker)   Turns: 6116, Time: 00:14:12

Health: -5/84      AC:  6    Str: 29    XL:     10   Next: 30%
Magic:  0/20       EV: 14    Int:  7    God:    Trog [***...]
Gold:   462        SH:  0    Dex: 15    Spells: 9/9 levels left

rFire   + . .      SeeInvis .   a - +2 dagger (venom) {short}
rCold   . . .      Faith    +   (no shield)
rNeg    . . .      Spirit   +   C - +0 troll leather armour
rPois   .          Reflect  .   L - +0 hat
rElec   .          Harm     .   D - +0 cloak
rCorr   .          Rampage  .   (no gloves)
Will    +++..                   (no boots)
Stlth   ..........              z - amulet of faith {!P}
HPRegen 2.84/turn               x - ring of magical power
MPRegen 0.17/turn               y - +6 ring of strength

@: berserking, strong-willed, regenerating, studying Long Blades, very quick
A: fangs 3, regeneration 1, magic shield, antimagic bite, no potion heal 2, fire
resistance 1
a: Renounce Religion, Berserk, Trog's Hand


You were on level 8 of the Dungeon.
You worshipped Trog.
Trog was most pleased with you.
You visited 2 branches of the dungeon, and saw 10 of its levels.

You collected 462 gold pieces.


Innate Abilities, Weirdness & Mutations

You have razor-sharp teeth.
Your natural rate of healing is unusually fast.
When hurt, damage is shared between your health and your magic reserves.
Your bite disrupts and absorbs the magic of your enemies.
Potions cannot restore your health.
Your flesh is heat resistant. (rF+)


   Skills:
 * Level 7.9 Fighting
 - Level 4.3(6.6) Short Blades
 * Level 7.7(8.3) Long Blades
 + Level 5.0 Bows
 + Level 5.0 Armour
 + Level 5.0 Dodging


You had 9 spell levels left.
You didn't know any spells.
Your spell library contained the following spells:

 Spells                   Type           Power      Damage    Failure   Level
 Apportation              Tloc           0%         N/A       45%         1
 Shock                    Conj/Air       0%         1d3       45%         1
 Corpse Rot               Necr/Air       0%         N/A       61%         2
 Swiftness                Air            0%         N/A       83%         3
 Airstrike                Air            0%         N/A       99%         4
 Dispel Undead            Necr           0%         3d6       99%         4
 Alistair's Intoxication  Tmut/Pois      0%         N/A       100%        5
 Death Channel            Necr           0%         N/A       100%        6

Inventory:

Hand Weapons
 a - a +2 dagger of venom (weapon) {short}
   (You found it on level 2 of the Dungeon)
 b - a +8 vorpal longbow {bow}
   (You found it on level 1 of the Dungeon)
 e - a +4 whip {mace}
   (You took it off an orc on level 5 of the Dungeon)
 f - a +0 short sword of protection {short}
   (You took it off an orc on level 5 of the Dungeon)
 h - a +0 dagger of freezing {short}
   (You took it off an orc wizard on level 6 of the Dungeon)
 n - a +0 mace of holy wrath {mace}
   (You found it on level 2 of the Dungeon)
 o - a +0 rapier {short}
   (You found it on level 1 of the Dungeon)
 u - a +1 flail of protection {mace}
   (You took it off an orc on level 3 of the Dungeon)
Missiles
 c - 245 stones (quivered) {throwing}
 q - 12 poisoned darts {throwing}
 J - 2 throwing nets {=f!fthrowing}
Armour
 j - a +2 robe of the Archmagi
   (You took it off an orc wizard on level 6 of the Dungeon)
 C - a +0 troll leather armour (worn)
   (You found it on level 5 of the Dungeon)
 D - a +0 cloak (worn)
   (You found it on level 6 of the Dungeon)
 L - a +0 hat (worn)
   (You found it on level 8 of the Dungeon)
Jewellery
 g - a ring of flight
   (You found it on level 7 of the Dungeon)
 l - an amulet of regeneration {@e2}
   (You found it on level 1 of the Dungeon)
 x - a ring of magical power (left hand)
   (You found it on level 3 of the Dungeon)
 y - a +6 ring of strength (right hand)
   (You found it on level 4 of the Dungeon)
 z - an amulet of faith (around neck) {!P}
   (You found it on level 4 of the Dungeon)
Wands
 I - a wand of flame (22)
   (You found it on level 8 of the Dungeon)
 K - a wand of paralysis (10)
   (You found it on level 8 of the Dungeon)
Scrolls
 d - 3 scrolls of fear
 i - 7 scrolls of teleportation {@r4}
 m - 4 scrolls of blinking {!r}
 t - a scroll of silence {!r}
 v - a scroll of holy word
 B - a scroll of vulnerability {!r!r}
Potions
 k - a potion of flight {unknown}
 p - a potion of heal wounds {unknown}
 r - a potion of degeneration {unknown}
 s - a potion of invisibility {unknown}
 w - 2 potions of attraction {unknown}
 A - 3 potions of curing {unknown}
 E - a potion of cancellation {unknown}
 F - a potion of brilliance {unknown}
 G - 2 potions of lignification {unknown}

Dungeon Overview and Level Annotations

Branches:
Dungeon (9/15)             Temple (0/1) D:7            Lair (1/6) D:8
    Orc (0/2) D:9

Altars:
Fedhas
Gozag
Hepliaklqana
Kikubaaqudgha
Okawaru
Qazlal
Ru
Sif Muna
Trog
Vehumet
Yredelemnul
Zin

Shops:
D:3 *   D:5 *   D:6 ?

Annotations:
D:6 3 runed translucent doors, Gelos's ghost, novice KoBr

#[...........##.#####
#.######.####.......#
### #.####.......#
#.#..........#
#.#...........
#.#......≈....
#.#......≈≈.≈.
#####.#####...≈≈≈≈
###@o............≈.≈
#...o.#.#####.......
#.#.#.#.#####....#..
#...#............##.
###.###.###########.
#.................
#####o#####.......
#.# #....... #o#
#.......


You could see 2 orc warriors.


Message History

You kill the water moccasin!
Trog accepts your kill.
You feel sick. 😕 HP[+1]
You feel sick.
You feel sick. 😕 HP[+1]
You feel sick. 😕 HP[+1]
You feel sick. 😕 HP[+1]
You feel sick.
You are no longer poisoned.
You see here a +0 hat.
L - a +0 hat 😕 HP[+2]
You regained 2 hp, and now have 49/56 hp.
You start putting on your armour.
You continue putting on your +0 hat. x4
You finish putting on your +0 hat. 😎 HP[+7]
Your hp is fully restored (56).
As you read the scroll labelled DUMOSI TEURCHOWK, it crumbles to dust.
Wisps of shadow whirl around you...
It was a scroll of summoning.
Done exploring.
Done exploring.
Done exploring.
Done exploring.
Done exploring.
No target in view!
(D) Dungeon (T) Temple (L) Lair
Where to? (Enter - D:8 @ (x,y), ? - help)
You swap places.
You open the door.
You swap places.
There is an open door here.
Your orc priest curses loudly.
Your orc grunts repeatedly.
There is a stone staircase leading down here.
You climb downwards.
Your summoned ally is left behind.
There is a stone staircase leading up here.
Unknown command.
Unknown command.
Found a stone staircase leading down.
An orc warrior and 3 orcs come into view.
Found a staircase to the Orcish Mines.
The orc warrior shouts!
The orc shouts! x2
An orc warrior comes into view. It is wielding a +0 short sword.
The orc moves out of view. x2
An orc warrior comes into view. It is wielding a +0 morningstar.
The orc warrior shouts!
The orc shouts!
The orc warrior shouts!
There are monsters nearby!
The orc warrior closely misses you.
The orc warrior hits you from afar with a +0 glaive!! 😮 HP[-16] MP[-5]
You take 16 damage, and now have 40/56 hp.
MASSIVE DAMAGE!! (PAUSE)
You lost 5 mp, and now have 15/20 mp.
The orc warrior hits you from afar with a +0 glaive!!
* * * LOW HITPOINT WARNING * * *
😨 HP[-12] MP[-5]
You take 12 damage, and now have 28/56 hp.
MASSIVE DAMAGE!! (PAUSE)
You lost 5 mp, and now have 10/20 mp.
The orc warrior hits you with a +0 glaive!!
* * * LOW HITPOINT WARNING * * *
The orc warrior closely misses you.
There is a stone staircase leading up, spattered with blood here. 😨 HP[-13] MP[-5]
You take 13 damage, and now have 15/56 hp.
MASSIVE DAMAGE!! (PAUSE)
You lost 5 mp, and now have 5/20 mp.
Unknown command.
The orc warrior hits you with a +0 short sword!
* * * LOW HITPOINT WARNING * * *
You climb upwards.
There is a stone staircase leading down here. 😱 HP[-1] MP[-1]
You take 1 damage, and now have 14/56 hp.
You lost 1 mp, and now have 4/20 mp.
Unknown command.
Unknown command.
Your skin crawls.
You feel strong-willed.
You can no longer call in reinforcements.
The orc warrior hits you with a +0 glaive!
* * * LOW HITPOINT WARNING * * *
The orc warrior misses you. 😱 HP[-8] MP[-1]
You take 8 damage, and now have 6/56 hp.
You lost 1 mp, and now have 3/20 mp.
Unknown command.
Unknown command.
Unknown command.
Unknown command.
A red film seems to cover your vision as you go berserk!
You feel yourself moving faster!
You feel mighty!
The orc warrior hits you with a +0 short sword!
* * * LOW HITPOINT WARNING * * *
The orc warrior hits you with a +0 glaive!
You die...

Skill      XL: |  1  2  3  4  5  6  7  8  9 10 |
---------------+-------------------------------+-----
Fighting       | 3 4 5 6 7 |  7.9
Dodging        | 2 3 4 5 |  5.0
Short Blades   | 3 4 |  4.3
Bows           | 1 2 3 4 5 |  5.0
Armour         | 2 3 4 5 |  5.0
Long Blades    | 3 7 |  7.7

Action                   |  1- 3 |  4- 6 |  7- 9 | 10-12 || total
-------------------------+-------+-------+-------+-------++-------
Melee: Rapier            |    10 |       |       |       ||    10
       Short sword       |    21 |       |       |       ||    21
       Bite              |     4 |    14 |    50 |    14 ||    82
       Dagger            |       |    67 |   162 |    40 ||   269
       Punch             |       |     1 |     2 |     1 ||     4
       Mace              |       |       |     2 |       ||     2
 Fire: Longbow           |    49 |    56 |   136 |     2 ||   243
Throw: Stone             |     5 |       |       |       ||     5
Invok: Berserk           |     1 |     1 |     6 |     2 ||    10
       Trog's Hand       |       |       |     6 |     2 ||     8
  Use: Scroll            |       |       |    17 |     2 ||    19
       Potion            |       |       |     1 |       ||     1
 Stab: Sleeping          |       |       |     1 |       ||     1
Armor: Animal skin       |    10 |    12 |     7 |       ||    29
       Troll leather arm |       |       |    23 |    19 ||    42
Dodge: Dodged            |    28 |    39 |   123 |    55 ||   245

Levels and vault maps discovered:
D:1:      dpeg_arrival_snail, layout_loops_ring, basic_ecumenical_altar,
          minmay_lizard_pond
D:2:      layout_loops_corners, basic_altar, uniq_sigmund
D:3:      layout_basic, zin_purify
D:4:      layout_rooms, dk_yredelemnul_ordeal, hangedman_decor_riveting
D:5:      layout_rooms, palyth_temple_overflow_mages, serial_shops,
          kennysheep_mini_moat, minmay_manual_mail
D:6:      layout_gridville, nicolae_ru_great_annihilating_truth,
          grunt_temple_overflow_open, gammafunk_ghost_nasty_kobolds,
          nicolae_stop_n_shop_2
D:7:      layout_cave_pools, worldfamousw_hep_ancestral_shrine,
          minmay_temple_entry_hall, kb_lookout_dungeons_type,
          david_defended_altar_orc
D:8:      layout_basic, nicolae_qazlal_style_of_elements, david_lair_shrubbed,
          dk_vineyard_3
D:9:      layout_loops_corners, david_orc_2, serial_bayou, serial_bayou_ford_a,
          serial_bayou_lagoon_a, serial_bayou_lagoon_b, serial_bayou_shore_b,
          serial_shops, shop, uniq_grum
Lair:1:   layout_regular_city, serial_rivers, chequers_serial_rivers_marsh,
          chequers_serial_rivers_large_a, chequers_serial_rivers_marsh,
          chequers_serial_rivers_micro_d, chequers_serial_rivers_room_a,
          lemuel_fruit_tree, grunt_megastairs_5, uniq_gastronok

Notes
Turn   | Place    | Note
-------+----------+-------------------------------------------
     0 | D:1      | spaghetti the Vine Stalker Berserker began the quest for
                  | the Orb.
     0 | D:1      | Reached XP level 1. HP: 11/11 MP: 2/2
     0 | D:1      | magus.rc [v1.9.6]
   277 | D:1      | Reached XP level 2. HP: 12/16 MP: 3/3
   481 | D:1      | Reached skill level 3 in Fighting
   593 | D:1      | You pick up a book of Party Tricks {forbidden} and begin
                  | reading...
   593 | D:1      | You add the spells Apportation and Alistair's Intoxication
                  | to your library.
   755 | D:1      | Reached XP level 3. HP: 20/20 MP: 4/4
   759 | D:1      | Found a faded altar of an unknown god.
  1043 | D:2      | Reached ** piety under Trog
  1068 | D:2      | Reached skill level 2 in Dodging
  1268 | D:2      | Found an opulent altar of Gozag.
  1297 | D:2      | Noticed Sigmund
  1308 | D:2      | Killed Sigmund
  1309 | D:2      | Reached skill level 3 in Short Blades
  1309 | D:2      | Reached skill level 1 in Bows
  1309 | D:2      | Reached skill level 2 in Armour
  1309 | D:2      | Gained mutation: Your natural rate of healing is unusually
                  | fast. [Vine Stalker growth]
  1309 | D:2      | Reached XP level 4. HP: 25/25 MP: 2/5
  1309 | D:2      | Reached XP level 5. HP: 29/29 MP: 2/6
  1509 | D:2      | Reached skill level 4 in Fighting
  1877 | D:3      | Reached XP level 6. HP: 33/33 MP: 4/7
  1926 | D:3      | Found Zin's Purification Station.
  1926 | D:3      | Found a glowing silver altar of Zin.
  2063 | D:3      | You pick up a book of Air {forbidden} and begin reading...
  2063 | D:3      | You add the spells Shock, Swiftness and Airstrike to your
                  | library.
  2761 | D:4      | Reached skill level 2 in Bows
  2883 | D:4      | Noticed a human
  2884 | D:4      | Found a runed translucent door.
  2891 | D:4      | Found a basalt altar of Yredelemnul.
  2928 | D:4      | Killed a human
  2929 | D:4      | Reached XP level 7. HP: 36/38 MP: 8/8
  3133 | D:5      | Entered Level 5 of the Dungeon
  3196 | D:5      | Reached skill level 3 in Dodging
  3237 | D:5      | Reached skill level 5 in Fighting
  3237 | D:5      | Reached skill level 3 in Armour
  3306 | D:5      | Reached skill level 4 in Short Blades
  3306 | D:5      | Noticed a troll
  3314 | D:5      | Killed a troll
  3315 | D:5      | Reached skill level 3 in Bows
  3315 | D:5      | Gained mutation: You have razor-sharp teeth. [Vine Stalker
                  | growth]
  3315 | D:5      | Reached XP level 8. HP: 23/44 MP: 9/9
  3320 | D:5      | Reached *** piety under Trog
  3358 | D:5      | Reached skill level 1 in Long Blades
  3439 | D:5      | Found a shimmering blue altar of Sif Muna.
  3449 | D:5      | Found an ancient bone altar of Kikubaaqudgha.
  3492 | D:5      | Found a radiant altar of Vehumet.
  3587 | D:5      | Reached skill level 2 in Long Blades
  3658 | D:5      | Reached skill level 6 in Fighting
  3751 | D:5      | You pick up a book of Decay {forbidden} and begin
                  | reading...
  3751 | D:5      | You add the spells Corpse Rot, Dispel Undead and Death
                  | Channel to your library.
  3881 | D:5      | Found Zor Quq's Assorted Antiques.
  3909 | D:6      | Found Beny's Magic Scroll Boutique.
  3924 | D:6      | Reached skill level 3 in Long Blades
  3964 | D:6      | Found a runed translucent gate.
  3994 | D:6      | Found a runed translucent gate.
  3995 | D:6      | Found a runed translucent gate.
  3996 | D:6      | Noticed a kobold demonologist
  3998 | D:6      | Noticed Gelos's ghost (novice KoBr)
  4011 | D:6      | Found a bloodstained altar of Trog.
  4014 | D:6      | Found an iron altar of Okawaru.
  4019 | D:6      | Found a blossoming altar of Fedhas.
  4083 | D:6      | Identified a +2 robe of the Archmagi
  4095 | D:6      | Reached skill level 4 in Armour
  4096 | D:6      | Reached skill level 4 in Dodging
  4096 | D:6      | Reached XP level 9. HP: 47/49 MP: 10/10
  4097 | D:6      | Reached skill level 4 in Long Blades
  4333 | D:6      | Found a sacrificial altar of Ru.
  4530 | D:7      | Noticed a komodo dragon
  4532 | D:7      | Killed a komodo dragon
  4532 | D:7      | Reached **** piety under Trog
  4533 | D:7      | Reached skill level 4 in Bows
  4552 | D:7      | Reached skill level 5 in Long Blades
  4580 | D:7      | Found a hazy altar of Hepliaklqana.
  4624 | D:7      | Reached skill level 7 in Fighting
  4694 | D:7      | Reached skill level 6 in Long Blades
  4721 | D:7      | HP: 17/75 [poisoned by a water moccasin]
  4726 | D:7      | HP: 8/50 [poisoned by a water moccasin]
  4778 | D:7      | You pick up a book of Decay {forbidden} and begin
                  | reading...
  4812 | D:7      | Gained mutation: You are dopey. (Int -2) [potion of
                  | mutation]
  4812 | D:7      | Gained mutation: Your flesh is heat resistant. (rF+)
                  | [potion of mutation]
  4812 | D:7      | Lost mutation: You are dopey. (Int -2) [potion of mutation]
  4830 | D:7      | Found a staircase to the Ecumenical Temple.
  5144 | D:7      | Found a bloodstained altar of Trog.
  5230 | D:8      | Found a stormy altar of Qazlal.
  5573 | D:8      | Found a staircase to the Lair.
  5656 | D:8      | Noticed a komodo dragon
  5668 | D:8      | Killed a komodo dragon
  5669 | D:8      | Reached skill level 7 in Long Blades
  5669 | D:8      | Reached XP level 10. HP: 31/55 MP: 11/11
  5682 | Lair:1   | Entered Level 1 of the Lair of Beasts
  5730 | D:8      | Reached skill level 5 in Armour
  5730 | D:8      | Reached skill level 5 in Dodging
  5735 | D:8      | Reached skill level 5 in Bows
  6103 | D:9      | Found a staircase to the Orcish Mines.
  6113 | D:9      | HP: 11/56 [orc warrior/+0 short sword (6)]
  6116 | D:8      | Slain by an orc warrior

Vanquished Creatures
  3 komodo dragons
  A troll (D:5)
  Sigmund (D:2)
  A human (D:4)
  A steam dragon (D:7)
  4 water moccasins
  A black bear (D:6)
  3 ice beasts
  An orc warrior (D:7)
  3 centaurs
  5 wolves (D:8)
  2 ogres (D:5)
  A phantom (D:5)
  A necrophage (D:5)
  2 gnoll sergeants
  A scorpion (D:5)
  2 jellies
  3 orc priests (D:7)
  A human skeleton (D:4)
  6 iguanas
  9 orc wizards
  7 gnolls
  9 adders
  5 shadow imps
  A white imp (D:7)
  3 worms
  A dart slug (D:2)
  30 orcs
  9 ball pythons
  9 endoplasms
  4 giant cockroaches
  4 goblins
  4 hobgoblins
  4 jackals (D:4)
  10 kobolds
  6 quokkas
  4 bats
  7 frilled lizards
  A goblin zombie (D:4)
  A jackal skeleton (D:4)
  A rat (D:2)
172 creatures vanquished.

Vanquished Creatures (others)
  3 fungi (D:6)
  12 plants
15 creatures vanquished.

Grand Total: 187 creatures vanquished

Table legend:
 A = Non-vault XP
 B = Vault XP
 C = Vault XP percentage of total XP
 D = Non-vault monster count
 E = Vault monster count
 F = Vault count percentage of total count
                 A         B        C        D         E       F
            +---------+---------+-------+---------+---------+-------
      Total |    4399 |    1654 |  27.3 |     146 |      26 |  15.1
            +---------+---------+-------+---------+---------+-------
        D:1 |      35 |       3 |   7.9 |      19 |       3 |  13.6
        D:2 |      55 |     223 |  80.2 |      16 |       1 |   5.9
        D:3 |      71 |       0 |   0.0 |      16 |       0 |   0.0
        D:4 |     102 |     244 |  70.5 |      18 |       4 |  18.2
        D:5 |     629 |     597 |  48.7 |      19 |       9 |  32.1
        D:6 |     756 |       8 |   1.0 |      19 |       4 |  17.4
        D:7 |    1518 |     229 |  13.1 |      25 |       4 |  13.8
        D:8 |    1233 |     350 |  22.1 |      14 |       1 |   6.7
            +---------+---------+-------+---------+---------+-------

Illustrated notes

Table legend:
 A = Kills in this place as a percentage of kills in entire the game.
 B = Kills by you in this place as a percentage of kills by you in the entire game.
 C = Kills by friends in this place as a percentage of kills by friends in the entire game.
 D = Other kills in this place as a percentage of other kills in the entire game.
 E = Experience gained in this place as a percentage of experience gained in the entire game.
 F = Experience gained in this place divided by the number of levels of this place that you have seen.
                   A       B       C       D       E      F
               +-------+-------+-------+-------+-------+----------------------
         Total | 100.0 | 100.0 |   N/A |   N/A | 100.0 | 605.3
       Dungeon | 100.0 | 100.0 |   N/A |   N/A | 100.0 | 672.6
               +-------+-------+-------+-------+-------+----------------------

Table legend: (Time is in decaauts)
 A = Elapsed time spent in this place.
 B = Non-inter-level travel time spent in this place.
 C = Inter-level travel time spent in this place.
 D = Time resting spent in this place.
 E = Time spent auto-exploring this place.
 F = Levels seen in this place.
 G = Mean time per level.
                   A        B        C        D        E       F      G
               +--------+--------+--------+--------+--------+-----+--------+
         Total |   6258 |   5917 |    341 |    231 |   4503 |  10 |  625.8 |
       Dungeon |   6249 |   5908 |    341 |    231 |   4503 |   9 |  694.3 |
          Lair |      9 |      9 |      0 |      0 |      0 |   1 |    9.0 |
               +--------+--------+--------+--------+--------+-----+--------+

Top non-repeatable levels by time:
     D:1: 964 daAuts
     D:2: 925 daAuts
     D:8: 873 daAuts
     D:5: 738 daAuts
     D:3: 710 daAuts
     D:7: 703 daAuts
     D:4: 683 daAuts
     D:6: 634 daAuts
     D:9: 14 daAuts
  Lair:1: 9 daAuts
